 Dungeon Crawl Stone Soup version 0.23.2-33-g5129a83 (webtiles) character file.

Game seed: 636322555934917111

31 DESU the Caller (level 3, -1/19 HPs)
             Began as a Deep Elf Summoner on Aug 9, 2019.
             Killed by nerve-wracking pain
             ... invoked by Jessica
              (11 damage)
             ... on level 2 of the Dungeon.
             The game lasted 00:03:41 (2339 turns).

DESU the Caller (Deep Elf Summoner)                 Turns: 2339, Time: 00:03:42

Health: -1/19      AC:  2    Str:  5    XL:     3   Next: 7%
Magic:  0/9        EV: 14    Int: 20    God:
Gold:   52         SH:  0    Dex: 15    Spells: 4/8 levels left

rFire    . . .     SeeInvis .   d - +0 dagger
rCold    . . .     Gourm    .   (no shield)
rNeg     . . .     Faith    .   a - +0 robe
rPois    .         Spirit   .   (no helmet)
rElec    .         Reflect  .   (no cloak)
rCorr    .         Harm     .   (no gloves)
MR       .....                  (no boots)
Stlth    ++........             (no amulet)
HPRegen  0.06/turn              (no ring)
MPRegen  0.11/turn              (no ring)

@: very slightly contaminated
A: no striking features
a: no special abilities


You were on level 2 of the Dungeon.
You were not hungry.

You visited 1 branch of the dungeon, and saw 2 of its levels.

You collected 52 gold pieces.

Inventory:

Hand Weapons
 d - a +0 dagger (weapon)
Armour
 a - a +0 robe (worn)
Scrolls
 b - a scroll of fear {unknown}
 e - a scroll of remove curse {unknown}
 f - 3 scrolls of identify {unknown}
 i - a scroll of fog {unknown}
Potions
 g - a potion of invisibility {unknown}
 h - 2 potions of agility {unknown}
 j - a potion of might
 k - a potion of magic {unknown}
Comestibles
 c - a ration


   Skills:
 * Level 4.2 Dodging
 - Level 2.4 Stealth
 - Level 3.0 Spellcasting
 - Level 4.5 Summonings


You had 4 spell levels left.
You knew the following spells:

 Your Spells              Type           Power        Failure   Level  Hunger
a - Summon Small Mammal   Summ           ###.         2%          1    None
b - Call Canine Familiar  Summ           ###.....     7%          3    ###....

Your spell library contained the following spells:

 Spells                   Type           Power        Failure   Level  Hunger
 Call Imp                 Summ           ###.....     3%          2    ##.....
 Summon Guardian Golem    Hex/Summ       ##......     17%         3    ###....
 Summon Ice Beast         Ice/Summ       ##......     50%         4    ####...
 Summon Lightning Spire   Summ/Air       ##......     50%         4    ####...


Dungeon Overview and Level Annotations

Branches:
Dungeon (2/15)

Altars:

Annotations:
D:2 Jessica


Message History

Jessica is nearby!
Jessica is nearby!
Casting: Summon Small Mammal (safe; 2% risk of failure)
Confirm with . or Enter, or press ? or * to list all spells.
Casting: Call Canine Familiar (safe; 7% risk of failure)
Confirm with . or Enter, or press ? or * to list all spells.
Jessica shouts!
Your hound disappears in a puff of smoke!
Jessica points at you and mumbles some strange words.
Pain shoots through your body!
Casting: Call Canine Familiar (safe; 7% risk of failure)
Confirm with . or Enter, or press ? or * to list all spells.
You miscast Call Canine Familiar.
You are very lightly contaminated with residual magic.
You feel a strange surge of energy!
Jessica shouts, "Stop bothering me, or I'll kill you!"
Jessica casts a spell at you. Pain shoots through your body!
Ouch! That really hurt!
You die...

#.#.###.# ... #
#.......# .. #.#.#.#.###
.........# #.......##
#.........# ###
##..>...h## ..#
#.........#####@..
#.######.......#@.......
......#.........#####.##
......##(#.#.#.#
....(.).(###.#..
.rb)b....# #...#
.§S(#.##.# ###.#
)##§#....# #. .......#..
....##.##...


You could see Jessica and a friendly hound.

Vanquished Creatures
  An ooze (D:1)
  A giant cockroach (D:1)
  2 hobgoblins (D:2)
  2 jackals (D:1)
  5 kobolds
  A goblin (D:2)
  A rat (D:1)
13 creatures vanquished.

Vanquished Creatures (collateral kills)
  5 bats
  8 goblins
  2 hobgoblins (D:1)
  2 kobolds
17 creatures vanquished.

Grand Total: 30 creatures vanquished

Notes
Turn   | Place    | Note
-------+----------+-------------------------------------------
     0 | D:1      | DESU the Deep Elf Summoner began the quest for the Orb.
     0 | D:1      | Reached XP level 1. HP: 10/10 MP: 6/6
   961 | D:1      | Reached XP level 2. HP: 15/15 MP: 8/8
  2150 | D:2      | Reached XP level 3. HP: 19/19 MP: 5/9
  2283 | D:1      | Learned a level 3 spell: Call Canine Familiar
  2336 | D:2      | Noticed Jessica
  2339 | D:2      | Killed from afar by Jessica

Skill      XL: |  1  2 |
---------------+-------+-----
Dodging        | 3 4 |  4.2
Stealth        | |  2.4
Spellcasting   | |  3.0
Summonings     | |  4.5

Action                   || total
-------------------------++-------
Melee: Dagger            ||   111
 Cast: Summon Small Mamm ||    39
       Call Canine Famil ||     2
 Stab: Sleeping          ||     4
       Distracted        ||     1
  Eat: Ration            ||     1
       Chunk             ||     1
Armor: Robe              ||    26
Dodge: Dodged            ||   126
